Workbook

Sheet Hoja 1. Establecim Contexto
B1: MAPA DE RIESGOS
B2: R-MJ-10
B3: 09
A5: Vigencia: | C5: Fecha Diligenciamiento:
A7: Hoja 1. Extablecimiento del Contexto
A8: Proceso | B8: Objetivo | C8: Factores Externos | D8: Causas | E8: Factores Internos | F8: Causas

Sheet id rgos corrup
A1: Filtro para riesgo de corrupción
P2: riesgo | Q2: si | R2: no
B3: Descripción del riesgo | C3: Acción u omisión | D3: Uso del poder | E3: Desviar la gestión de lo público | F3: Beneficio privado | J3: tipos de riesgo | L3: riesgos de gestión | P3: R1 Acceso no autorizado o indebido a la información contenida en los recursos o servicios tecnológicos de la Entidad atribuibles a los componentes tecnológicos que los soportan | Q3: x
B4: Posibilidad de recibir o solicitar cualquier dádiva o beneficio a nombre propio o de terceros con el fin de celebrar un contrato. | C4: X | D4: X | E4: X | F4: X | J4: Gestión | L4: Estratégicos | P4: R11 Utilizar en provecho propio o de terceros bienes, insumos o infraestructura de la entidad | Q4: x
J5: Corrupción | L5: Gerenciales | P5: R12 Ocultar, desaparecer o divulgar información y/o documentación para beneficio propio o de terceros | Q5: x
J6: Seguridad digital | L6: Operativos | P6: R15 Indebida representación y defensa judicial para favorecer al demandante o terceros | Q6: x
L7: Financieros | P7: R18 No contestar o contestar extemporáneamente para obtener un provecho en beneficio propio o de un tercero | Q7: x
L8: Tecnológicos | P8: R19 No cobrar, cobrar adicional o desviar el cobro en beneficio particular o de un tercero, por acción o por omisión | Q8: x
A9: Cálculo Impacto de Corrupción | L9: Cumplimiento | P9: R23 Aprobación de modificaciones presupuestales sin el cumplimiento de los requisitos en beneficio de un tercero | Q9: x
L10: Imagen o reputacional | P10: R24 Cobro de dádivas para la agilización de los trámites presupuestales | Q10: x
A11: N.° | B11: El riesgo de corrupción se materializa podría? | C11: Si | D11: No | L11: Corrupción | P11: R25 Presentación de información de ejecución presupuestal falsa y/o alterada | Q11: x
A12: 1 | B12: ¿Afectar al grupo de funcionarios del proceso? | C12: x | L12: Seguridad digital | P12: R3 Manipular las certificaciones laborales para beneficio particular o de terceros | Q12: x
A13: 2 | B13: ¿Afectar el cumplimiento de metas y objetivos de la dependencia? | D13: x | P13: R31 Divulgar información con carácter reservado de manera intencional | Q13: x
A14: 3 | B14: ¿Afectar el cumplimiento de misión de la entidad? | D14: x | P14: R35 Manipulación o adulteración del Sistema de Información Financiera en beneficio propio o de terceros | Q14: x
A15: 4 | B15: ¿Afectar el cumplimiento de la misión del sector al que pertenece la entidad? | D15: x | P15: R36 Acomodar el contenido de los proyectos de decretos, resoluciones y demás actos y/o actuaciones administrativas, para beneficio propio o de terceros | Q15: x
A16: 5 | B16: ¿Generar pérdida de confianza de la entidad, afectando su reputación? | C16: x | P16: R37 Manipular la revisión de proyectos de decretos, resoluciones y demás actos y/o actuaciones administrativas, para beneficio propio o de terceros | Q16: x
A17: 6 | B17: ¿Generar pérdida de recursos económicos? | D17: x | P17: R4 Manipular la liquidación de la nómina | Q17: x
A18: 7 | B18: ¿Afectar la generación de los productos o la prestación de servicios? | D18: x | P18: R42 Omisión y/o modificación de la información de la entidad por parte de los funcionarios de la Oficina de Control Interno, suministrada al proceso Evaluación Independiente, con el fin de beneficiar a un tercero | Q18: x
A19: 8 | B19: ¿Dar lugar al detrimento de calidad de vida de la comunidad por la pérdida del bien, servicios o recursos públicos? | D19: x | P19: R43 Ocultar y /o adulterar información y/o documentación relevante para la suscripción de los contratos de concurrencia. | Q19: x
A20: 9 | B20: ¿Generar pérdida de información de la entidad? | C20: x | P20: R48 Divulgación indebida o imprecisa de información reservada o publica sobre las historias laborales, calculos actuariales, retiros de Fonpet o todos los procesos relacionados con pasivos pensionales de las entidades territoriales. | Q20: x
A21: 10 | B21: ¿Generar intervención de los órganos de control, de la Fiscalía u otro ente? | C21: x | P21: R5 Favorecer y/o perjudicar a los sujetos procesales dentro del proceso disciplinario | Q21: x
A22: 11 | B22: ¿Dar lugar a procesos sancionatorios? | C22: x | P22: R55 Pérdida o mal uso de la información que soporta las investigaciones disciplinarias que adelanta el proceso. | Q22: x
A23: 12 | B23: ¿Dar lugar a procesos disciplinarios? | C23: x | P23: R56 Incumplimiento del proceso de recuperación de cartera de la Nación | Q23: x
A24: 13 | B24: ¿Dar lugar a procesos fiscales? | C24: x | P24: R6. Realizar pagos o movimientos financieros obteniendo beneficios propios o favoreciendo a terceros | Q24: x
A25: 14 | B25: ¿Dar lugar a procesos penales? | C25: x | P25: R7 Manipular la contratación del Ministerio Hacienda | Q25: x
A26: 15 | B26: ¿Generar pérdida de credibilidad del sector? | C26: x | P26: R8 Recibir y pagar obras, bienes o labores contratadas, que no cumplan con los requerimientos contractuales en beneficio propio o de un tercero | Q26: x
A27: 16 | B27: ¿Ocasionar lesiones físicas o pérdida de vidas humanas? | D27: x | P27: R9 Hurto de bienes de propiedad del Ministerio para beneficio particular | Q27: x
A28: 17 | B28: ¿Afectar la imagen regional? | C28: x | P28: R10 Manipulación en el registro de los bienes | R28: x
A29: 18 | B29: ¿Afectar la imagen nacional? | C29: x | P29: R21 Favorecer en la asignación de PGN, sin contar con un soporte técnico ni justificación, beneficiando a un particular o tercero | R29: x
A30: 19 | B30: ¿Generar daño ambiental? | D30: x | P30: R22 Manejo indebido de información presupuestal clasificada o no oficial | R30: x
C31: =19-COUNTBLANK(C12:C30) -> 11 | D31: =19-COUNTBLANK(D12:D30) -> 8 | P31: R26 Negociar y/o pactar operaciones y decisiones en condiciones desfavorables para la Nación en beneficio de terceros | R31: x
P32: R29 Negociar y/o pactar operaciones de la gestión de liquidez en condiciones desfavorables para la Nación. | R32: x
B33: IMPACTO | C33: =+IF(C31<6,"Moderado",IF(C31<12,"Mayor","Catastrófico")) -> Mayor | P33: R32 Reconocer y pagar o no, bonos pensionales y otorgar garantías de pensión mínima que no se ajustan a la normatividad en beneficio propio o de un tercero | R33: x
P34: R33 Manipular la emisión de conceptos y/o reportes para favorecer intereses particulares (El proceso conceptual sobre las valoraciones de las obligaciones contingentes y sobre las operaciones de deuda) | R34: x
P35: R34 Pactar operaciones en condiciones desfavorables para la Nación en beneficio propio o de un tercero | R35: x
A36: Laboratorio | P36: R38 Ocultar, Omitir, Adulterar o adicionar información/documentación de la fiscalización, para beneficio propio o de terceros | R36: x
B37: Descripción del riesgo | C37: Acción u omisión | D37: Uso del poder | E37: Desviar la gestión de lo público | F37: Beneficio privado | P37: R39 Proyectos de Ley o de Acto Legislativo o proyectos de concepto ajustados a intereses particulares | R37: x
B38: Manejo inapropiado de los resultados por parte de los servidores publicos para beneficios particulares o de terceros. | C38: X | D38: X | E38: X | F38: X | P38: R41 Divulgación de información no clara, oportuna y confiable de manera mal intencionada en beneficio propio o partes interesadas | R38: x
P39: R44 Constreñir o inducir a un tercero para que de o prometa a agente(s) del proceso dinero o cualquier otra dádiva. | R39: x
P40: R45 Ocultar o adulterar información/documentación, para beneficio propio o de terceros o para tramitar el retiro de recursos del FONPET | R40: x
A41: proyectos | P41: R46 Ocultar o adulterar información/documentación, para beneficio propio o de tercero o de la entidad cuyo pasivo se valida | R41: x
B42: Descripción del riesgo | C42: Acción u omisión | D42: Uso del poder | E42: Desviar la gestión de lo público | F42: Beneficio privado | P42: R47 Validar pasivos pensionales que no se ajustan a la normatividad en beneficio propio o de un tercero o de la entidad territorial | R42: x
B43: =+'Hoja 1. Establecim Contexto'!#REF! -> #REF! | C43: X | D43: X | E43: X | G43: no corrupción | P43: R50 Manipulacion o modificacion no segura en el Proceso de Reporte de Pasivos Pensionales del Sector Central al ser cargados o reportados al Sistema de Informacion del Fonpet SIF que no se ajuste a la normatividad, en beneficio propio o de un tercero. | R43: x
P44: R51 Inadecuada asignación de recursos en beneficio propío y/o de un tercero | R44: x
P45: R52 Manipulación o alteración malintencionada de la información del Sistema General de Regalías para beneficio propio o de un tercero. | R45: x
A46: educación | P46: R53 Contratación de operaciones de crédito público en condiciones desfavorables para las entidades diferentes de la Nación | R46: x
B47: Descripción del riesgo | C47: Acción u omisión | D47: Uso del poder | E47: Desviar la gestión de lo público | F47: Beneficio privado | P47: R54 Operaciones de saneamiento en condiciones desfavorables | R47: x
B48: Realizar acciones de dinamización en educación ambiental a un particular con el fin de cumplir con un requisito de un plan de manejo | C48: X | E48: X | F48: X | G48: ?? | P48: R57 Manipulación, modificación o consulta indebida o no segura en el Programa PASIVOCOL , las historias laborales o los calculos actuariales del proyecto de Historias Laborales del MHCP sobre el pasivo pensional por parte de las entidades territoriales | R48: x
P49: R58 Viabilizar un programa de saneamiento fiscal y financiero de una Empresa Social del Estado que no cumple con los criterios definidos, para beneficio propio o de terceros | R49: x
A50: educación | P50: R59 Divulgar información con carácter reservado | R50: x
B51: Descripción del riesgo | C51: Acción u omisión | D51: Uso del poder | E51: Desviar la gestión de lo público | F51: Beneficio privado
B52: =+'Hoja 2. Iden Ries- Gest y Corru'!#REF! -> #REF! | C52: X | D52: X | E52: X | F52: X
A55: autoridad ambiental
B56: Descripción del riesgo | C56: Acción u omisión | D56: Uso del poder | E56: Desviar la gestión de lo público | F56: Beneficio privado
B57: =+'Hoja 1. Establecim Contexto'!F40 -> 0 | C57: X | D57: X | E57: X | F57: X | G57: corrupcion
A60: autoridad ambiental
B61: Descripción del riesgo | C61: Acción u omisión | D61: Uso del poder | E61: Desviar la gestión de lo público | F61: Beneficio privado
B62: =+'Hoja 1. Establecim Contexto'!F37 -> 0 | D62: X | E62: X | F62: X | G62: no corrupción
F63: ojo
A65: autoridad ambiental
B66: Descripción del riesgo | C66: Acción u omisión | D66: Uso del poder | E66: Desviar la gestión de lo público | F66: Beneficio privado
B67: =+'Hoja 1. Establecim Contexto'!F38 -> 0 | C67: X | D67: X | E67: X | F67: X | G67: corrupción
A70: PGT
B71: Descripción del riesgo | C71: Acción u omisión | D71: Uso del poder | E71: Desviar la gestión de lo público | F71: Beneficio privado
B72: =+'Hoja 1. Establecim Contexto'!D20 -> 0 | C72: X | D72: X | E72: X | F72: X | G72: corrupción
A75: AGC
B76: Descripción del riesgo | C76: Acción u omisión | D76: Uso del poder | E76: Desviar la gestión de lo público | F76: Beneficio privado
B77: =+'Hoja 1. Establecim Contexto'!D47 -> 0 | C77: X | D77: X | E77: X | F77: X | G77: corrupción
A80: Contratación
B81: Descripción del riesgo | C81: Acción u omisión | D81: Uso del poder | E81: Desviar la gestión de lo público | F81: Beneficio privado
B82: =+'Hoja 1. Establecim Contexto'!D44 -> 0 | C82: X | D82: X | E82: X | F82: X | G82: corrupción

Sheet id rgos Seg dig
A1: Definición riesgo de seguridad digital
A3: RIESGO | B3: ACTIVO | C3: DESCRIPCIÓN DEL RIESGO | D3: AMENAZA | E3: TIPO | F3: CAUSA/ | G3: CONSECUENCIAS
F4: VULNERABILIDAD
A5: Base de datos de nómina | B5: Pérdida | C5: La pérdida de la integridad de la base de datos de nómina. | D5: Modificación | E5: Seguridad digital | F5: Falta de políticas de seguridad digital | G5: Posibles consecuencias que pueda enfrentar la entidad o el proceso a causa de la materialización del riesgo (legales, económicas, sociales, reputacionales, confianza en el ciudadano).
B6: de la integridad | D6: No autorizada | F6: Ausencia de políticas de control de acceso | G6: Ej.: posible retraso en el pago de nómina.
F7: Contraseñas sin protección
F8: Autenticación débil

Sheet Hoja 2. Iden Ries- Gest y Corru
B1: MAPA DE RIESGOS
B2: R-MJ-10
B3: 09
A5: Vigencia: | C5: Fecha Diligenciamiento:
A7: Hoja 2. Identificación de los Riesgos de Gestión y de Corrupción (Para que aplique Riesgos de Corrupción, debe existir "Acción u Omisión", "Uso del Poder", "Desviar la Gestión de lo Publico" y "Beneficio Privado")
A8: Proceso | B8: Causas | C8: Riesgo
C9: Nombre | D9: Descripción | E9: Tipología | F9: Clasificación | G9: Consecuencias

Sheet Hoja 2. Identificación Ries (2
D1: RIESGOS CORPORATIVOS POR PROCESO
D2: R-MJ-10
D3: 05
A5: Vigencia: | D5: 2016 | P5: =+'Hoja 1. Establecim Contexto'!L5 -> 0
A7: Hoja 2. Identificación de los Riesgos
A8: Proceso | B8: Ext | C8: INT | D8: Causas | E8: Riesgos | F8: Tipo riesgo Riesgo Estratégico Riesgos de Imagen Riesgos Operativos Riesgos Financieros Riesgos de Cumplimiento Riesgos de Tecnología | G8: Calificación | I8:  Impacto de Confidencialidad de la Información: Se refiere a la pérdida o revelación de la misma.  Impacto de Credibilidad o Imagen: Se refiere a la pérdida de la misma frente a diferentes actores sociales o dentro de la entidad.  Impacto Legal: Se relaciona con las consecuencias legales para una entidad, determinadas por los riesgos relacionados con el incumplimiento en su función administrativa, ejecución presupuestal y normatividad aplicable.  Impacto Operativo: Se aplica en la mayoría de las entidades para los procesos clasificados como de apoyo, ya que sus riesgos pueden afectar el normal desarrollo de otros procesos dentro de la misma. | K8: Valoración del riesgo | L8: Zona del riesgo | M8: Riesgo | N8: Descripción | O8: Consecuencias Potenciales | P8: Controles | Q8: Acciones | R8: Responsable | S8: Indicador | T8: Meta | U8: Plazo
G9: Probabilidad | H9: Impacto | J9: Riesgo de Corrupción? | T9: Meta
A10: Direccionamiento del Sistema de Gestión Corporativo | B10: D,O,F,K | C10: j | D10: Desconocimiento de los usuarios frente a la misión corporativa | E10: Usuarios y comunidades insatisfechos por la gestión Corporativa | F10: imagen | G10: 3 | H10: 4 | I10: Credibilidad o Imagen | K10: =+G10*H10 -> 12 | L10: Extremo | M10: Usuarios y comunidades insatisfechos por la gestión Corporativa | N10: Persona natural o jurídica que solicitó cualquier trámite o que es beneficiario de los programas y proyectos de la Corporación y que su nivel de satisfacción respecto a la gestión Corporativa no cumple con sus expectativas. Comunidades de la jurisdicción no satisfechas de la gestión de la Corporación | O10: *Pérdida de imagen. *Baja credibilidad *Hallazgos y/o sanciones Entes de Control. | P10: Definidos manuales, procedimientos, documentos y formatos de los procesos misionales Planeación Global del Territorio, Gestión de Proyectos y Aplicación de la Autoridad Ambiental, por medio de los cuales se controla el desarrollo de los diferentes trámites y la elaboración e implementación de los planes y programas Corporativos. Establecida una política de comunicación institucional. | Q10: Implementar una estrategia de comunicación corporativa | R10: Líderes de procesos misionales. Subdirección de Planeación Áreas de comunicación | S10: % de cumplimiento de la estrategia de comunicación. | T10: 90% o más. | U10: 42735
B11: J | C11: j | D11: Diferentes percepciones de la gestión corporativa por los grupos poblacionales en la jurisdicción | Q11: Establecer e implementar mecanismos para la evaluación de la percepción de los usuarios y comunidades frente a la gestión corporativa | S11: N° de mecanismos que consoliden la percepción de los usuarios y comunidades frente a la gestión corporativa | T11: 2 mecanismo de evaluación integral | U11: 42734
B12: I,B,C | D12: Presiones de tipo político, sectorial y económico frente a las decisiones administrativas | E12: Decisiones tomadas en contra del deber ser de la corporación | F12: Cumplimiento | G12: 3 | H12: 4 | I12: Legal | J12: x | K12: =+G12*H12 -> 12 | L12: Extremo | Q12: Realizar estrategias de fortalecimiento y reconocimiento de experiencias significativas en el cuidado del ambiente y recursos naturales | S12: N° estrategias para fortalecer y reconocer las experiencias significativas en el cuidado del ambiente y recursos naturales | T12: 2 estrategias | U12: 42704
B13: E,M | C13: a,b,n | D13: No cumplimiento de requisitos de oportunidad de los usuarios | E13: Hallazgos y/o sanciones Entes de Control | F13: Estratégico | G13: 3 | H13: 4 | I13: Legal | K13: =+G13*H13 -> 12 | L13: Extremo | Q13: Establecer e implementar una herramienta de evaluación por áreas al interior de la Corporación | S13: N° de herramientas de evaluación por áreas establecidas e implementadas | T13: 1 herramienta de evaluación establecida e implementada | U13: 42735
B14: A | C14: q,i | D14: Recursos limitados para la atención oportuna de las necesidades de los Usuarios. | K14: =+G14*H14 -> 0
A15: Mejoramiento del Sistema de Gestión Corporativo | B15: A | C15: a,f,g | D15: Cambios constantes en las Leyes, Decretos, Acuerdos, Resoluciones, Normas Técnicas, entre otros aplicables a los procesos. | E15: Toma de decisiones basados en normatividad desactualizada | F15: Cumplimiento | G15: 3 | H15: 4 | I15: Legal | K15: =+G15*H15 -> 12 | L15: Extremo | M15: Incumplimiento de la política de Calidad | N15: Pérdida de dinamismo en el control y mejoramiento del Sistema de Gestión Corporativo por el bajo cumplimiento de los procesos y procedimientos institucionales que afectan el mejoramiento continuo de una manera eficiente, eficaz y efectiva | O15: *Pérdida de imagen institucional. *Retrocesos. *Pérdida de memoria institucional. *Pérdida de certificaciones y/o acreditaciones. *Hallazgos y/o sanciones Entes de Control. | P15: Realización de: *Comité del Sistema de Gestión Corporativo y Revisión por la Dirección de forma periódica. *Auditorías Internas y externas de calidad. * Seguimiento al Sistema de Gestión Corporativo. *Procedimiento de riesgo por proceso en el SGC, en donde se definen los riesgos y los respectivos seguimientos. *Plan Anticorrupción y atención al ciudadano. | Q15: Realizar seguimiento al manejo del modulo de Acciones para el Mejoramiento. | R15: Asesor de Control Interno | S15: Número de informes | T15: 9 procesos | U15: 42735
C16: b | D16: Bajo compromiso de los líderes de procesos | E16: Falta de detección de incumplimientos en requisitos de las normas. | F16: operativos | G16: 3 | H16: 4 | I16: Credibilidad o Imagen | K16: =+G16*H16 -> 12 | L16: Extremo
C17: b | D17: Falta de estímulos a los funcionarios que cumplen metas, realizan el rol de auditores internos, entre otros. | K17: =+G17*H17 -> 0
B18: N | C18: b | D18: Desconocimiento del Sistema de Gestión Corporativo | E18: Incumplimientos a requisitos de las normas y/o descertificación | F18: operativos | G18: 3 | H18: 4 | I18: Credibilidad o Imagen | K18: =+G18*H18 -> 12 | L18: Extremo | Q18: Capacitar a los funcionarios en la actualización de la norma ISO 9001-2015 | R18: Líderes de procesos. Dirección General - Subdirección de Planeación y O.T | S18: Nº de funcionarios capacitados y/o actualizados | T18: 40 funcionarios capacitados y/o actualizados | U18: 42551
B19: N | C19: b | D19: Incumplimiento de las normas, políticas, procedimientos que regulan el Sistema de Gestión de Corporativo y la misión institucional | K19: =+G19*H19 -> 0
B20: N | C20: b,p | D20: Débil control en el establecimiento y seguimiento de acciones correctivas, preventivas y/o de mejora | E20: Se repiten los servicios no conformes | F20: operativos | G20: 3 | H20: 3 | I20: Credibilidad o Imagen | K20: =+G20*H20 -> 9 | L20: Extremo
A21: Planeación Global del Territorio | B21: F,G | D21: =+'Hoja 1. Establecim Contexto'!D19 -> 0 | E21: Decisiones que afectan otras áreas o están en contravía del deber ser de la corporación | F21: Cumplimiento | G21: 2 | H21: 3 | I21: Operativo | K21: =+G21*H21 -> 6 | L21: Medio | M21: Debilidad en la aplicación de la función de autoridad ambiental frente al ordenamiento territorial | N21: Debilidad en el control frente al incumplimiento de los determinantes ambientales | O21: *Pérdida de ecosistemas. *Pérdida de imagen institucional. *Retrocesos. *Hallazgos y/o sanciones Entes de Control. | P21: Adicional a la aprobación del PGAR 2012-2024, se tiene implementado dentro del SGC los procedimientos: -"P-PG-03: DEFINICIÓN DE LOS DETERMINANTES AMBIENTALES PARA FORMULACIÓN O AJUSTES A POT’S Y/O FORMULACIÓN DE PLANES PARCIALES", -"P-PG-04: CONCERTACIÓN DEL COMPONENTE AMBIENTAL PARA LA FORMULACIÓN, REVISIÓN Y/O AJUSTES DE LOS POT’S", -"P-PG-05: CONCERTACIÓN DEL COMPONENTE AMBIENTAL PARA LA FORMULACIÓN DE PLANES PARCIALES", -"P-PG-06: ASESORÍA SOBRE EL COMPONENTE AMBIENTAL A LOS PLANES DE DESARROLLO MUNICIPAL Y/O DEPARTAMENTAL PARA ARMONIZARLOS CON LOS INSTRUMENTOS DE PLANIFICACIÓN AMBIENTAL REGIONAL" y -"P-PG-07: ASESORIA, APOYO Y/O PARTICIPACIÓN EN LA GESTIÓN DEL RIESGO DE DESASTRES" -Por observaciones del Consejo Directivo, se hace seguimiento a los determinantes ambientales de cada POT y se genera un plan de mejora de cada alcaldía. | Q21: Seguimiento a la aplicación del componente ambiental en los POTs. | R21: Líderes de proceso. Subdirección de Planeación y O.T | S21: Porcentaje de municipios con seguimiento al componente ambiental en los POTs | T21: 80% o más. | U21: 42735
B22: F | D22: =+'Hoja 1. Establecim Contexto'!D21 -> 0 | E22: Perdida de conocimiento de la corporación | F22: operativos | G22: 3 | H22: 3 | I22: Confidencialidad de la Información | K22: =+G22*H22 -> 9 | L22: Extremo
B23: F | D23: =+'Hoja 1. Establecim Contexto'!D22 -> 0 | K23: =+G23*H23 -> 0
B24: A | D24: =+'Hoja 1. Establecim Contexto'!D23 -> 0 | E24: Decisiones que afectan otras áreas o están en contravía del deber ser de la corporación | F24: Cumplimiento | G24: 3 | H24: 3 | I24: Operativo | K24: =+G24*H24 -> 9 | L24: Extremo | Q24: Capacitación a los funcionarios de las nuevas administraciones municipales sobre determinantes ambientales y procesos de la Corporación | R24: Líderes de proceso. Subdirección de Planeación y O.T | S24: Porcentaje de municipios capacitados en determinantes ambientales y procesos institucionales | T24: 90% o más. | U24: 42612
D25: =+'Hoja 1. Establecim Contexto'!D25 -> 0 | E25: Limitaciones y necesidad de conocimiento específico | F25: operativos | G25: 2 | H25: 2 | I25: Confidencialidad de la Información | K25: =+G25*H25 -> 4 | L25: Bajo
D26: Incumplimiento presiones políticas, económicas y/o sociales de las directrices normativas y políticas de ordenamiento ambiental regional y local | E26: Decisiones que hacen que el territorio se ocupe de forma inadecuada | F26: Cumplimiento | G26: 3 | H26: 3 | I26: Legal | J26: x | K26: =+G26*H26 -> 9 | Q26: Capacitación, seguimiento a planes y compartir información a nivel directivo acciones legales y planes de mejora. Compartir información con entes externos.
B27: A,I,L | D27: =+'Hoja 1. Establecim Contexto'!D27 -> 0 | E27: Se requiere mas personal para realizar control | F27: Cumplimiento | G27: 2 | H27: 3 | I27: Legal | K27: =+G27*H27 -> 6 | L27: Medio
C28: a,f,g | D28: =+'Hoja 1. Establecim Contexto'!#REF! -> #REF! | E28: Decisiones tomadas basadas en información incompleta | F28: Cumplimiento | G28: 2 | H28: 4 | I28: Legal | K28: =+G28*H28 -> 8 | L28: Alto | Q28: Acompañamiento a los municipios y departamento en la formulación del componente ambiental en PDM y PDD y avalar la armonización de dichos instrumentos con la planificación ambiental (POT, PGAR, PND, Planes Regionales). | R28: Líderes de proceso. Subdirección de Planeación y O.T. Funcionarios designados por resolución | S28: Nº de Entes territoriales acompañados y armonizados con la política ambiental | T28: 20 Entes Territoriales | U28: 42521
B29: P | D29: =+'Hoja 1. Establecim Contexto'!F25 -> 0 | E29: Limitaciones en proyectos, desplazamientos, personal, etc. | F29: Estratégico | G29: 3 | H29: 3 | I29: Operativo | K29: =+G29*H29 -> 9 | L29: Alto
C30: a,f,g | D30: =+'Hoja 1. Establecim Contexto'!F27 -> 0 | E30: Se requiere mas personal para realizar control | F30: operativos | G30: 3 | H30: 3 | I30: Operativo | K30: =+G30*H30 -> 9 | L30: Alto
A31: Gestión de Proyectos | C31: k | D31: =+'Hoja 1. Establecim Contexto'!D28 -> 0 | E31: Menor acceso a recursos | F31: financieros | K31: =+G31*H31 -> 0 | M31: Baja ejecución de los proyectos corporativos de la vigencia | N31: Bajo cumplimiento de los proyectos, afectando el logro de las metas físicas y financieras del Plan de Acción Institucional PAI 2016-2019 | O31: *Pérdida de imagen institucional. *Hallazgos y/o sanciones Entes de Control. *Detrimento del ambiente laboral. *Remoción del director frente al incumplimiento del PAI. | P31: La Corporación tiene implementado dentro del SGC los siguientes procedimientos y directrices: -"P-PG-02: PLAN DE ACCIÓN CORPORATIVO -"P-GP-01: FORMULACIÓN Y GESTIÓN DE PROYECTOS" "P-GP-02: MODIFICACIÓN DE PROYECTOS" "M-GP-02: MANUAL PARA LA PRESENTACIÓN DE PROYECTOS" "P-FC-01: PRESUPUESTO" -Definición de responsables de proyectos por resolución. -Módulo de Proyectos CITA | Q31: Realizar verificación de los documentos de las carpetas físicas de los proyectos y el seguimiento a la ejecución física y financiera | R31: Líderes de proceso. Subdirección de Planeación y O.T | S31: Porcentaje de proyectos con seguimiento físico y financiero y con cumplimiento de los requisitos | T31: 85% o más. | U31: 42735
B32: A,F | C32: k | D32: =+'Hoja 1. Establecim Contexto'!D29 -> 0 | E32: Menor acceso a recursos | F32: financieros | G32: 2 | H32: 2 | I32: Operativo | K32: =+G32*H32 -> 4 | L32: Bajo
D33: =+'Hoja 1. Establecim Contexto'!D30 -> 0 | E33: Pérdida de tiempo para la ejecución de proyectos. Pérdida de proyectos | F33: operativos | G33: 2 | H33: 2 | I33: Credibilidad o Imagen | K33: =+G33*H33 -> 4 | L33: Bajo | Q33: Aceptar
B34: H | D34: =+'Hoja 1. Establecim Contexto'!D32 -> 0 | E34: Se requiere mas personal para realizar tareas adicionales | F34: operativos | G34: 3 | H34: 3 | I34: Operativo | K34: =+G34*H34 -> 9 | L34: Alto | Q34: Realizar capacitaciones a usuarios externos para la presentación de proyectos a CORPOURABA | R34: Líderes de proceso. Subdirección de Planeación y O.T | S34: Nº de capacitaciones realizadas | T34: 5 capacitaciones | U34: 42735
C35: k,h,p | D35: =+'Hoja 1. Establecim Contexto'!F28 -> 0 | E35: Pérdida de confianza ante financiadores de proyectos y organismos de control. | F35: imagen | G35: 2 | H35: 4 | I35: Credibilidad o Imagen | J35: X | K35: =+G35*H35 -> 8 | L35: Alto
C36: c,d,e,m | D36: =+'Hoja 1. Establecim Contexto'!F29 -> 0 | E36: Pérdida de tiempo para la ejecución de proyectos. Pérdida de proyectos | F36: operativos | G36: 2 | H36: 2 | I36: Operativo | K36: =+G36*H36 -> 4 | L36: Bajo
C37: a,b,n | D37: =+'Hoja 1. Establecim Contexto'!#REF! -> #REF! | E37: pérdida de confianza ante financiadores de proyectos y organismos de control. | F37: imagen | G37: 2 | H37: 3 | I37: Credibilidad o Imagen | K37: =+G37*H37 -> 6 | L37: Medio | Q37: Capacitar a los funcionarios en marco lógico, herramientas nacionales para gestión de proyectos, cumplimiento de los procesos y procedimientos de proyectos y manejo adecuado del modulo de proyectos | R37: Líderes de proceso. Subdirección de Planeación y O.T | S37: Nº de capacitaciones realizadas | T37: 3 capacitaciones | U37: 42735
C38: a,b,n | D38: =+'Hoja 1. Establecim Contexto'!F30 -> 0 | E38: pérdida de confianza ante financiadores de proyectos y organismos de control. | F38: imagen | G38: 3 | H38: 3 | I38: Credibilidad o Imagen | K38: =+G38*H38 -> 9 | L38: Alto
D39: Presiones externas para la aprobación de proyectos corporativos | E39: Selección de proyectos favoreciendo intereses de terceros | F39: Cumplimiento | J39: x | Q39: Asesoría en presentación de proyectos y verificación del cumplimiento de requisitos y lazos ara radicación. | S39: Funcionarios capacitados en aprobación de proyectos. | T39: 15
B40: M | D40: =+'Hoja 1. Establecim Contexto'!F31 -> 0 | F40: Cumplimiento | G40: 2 | H40: 3 | I40: Legal | J40: x | K40: =+G40*H40 -> 6 | L40: Medio
C41: a,b,n | D41: =+'Hoja 1. Establecim Contexto'!F32 -> 0 | E41: Pérdida de proyectos, proyectos inconclusos o mal ejecutados | F41: operativos | G41: 2 | H41: 2 | I41: Operativo | K41: =+G41*H41 -> 4 | L41: Bajo
C42: h,p | D42: =+'Hoja 1. Establecim Contexto'!#REF! -> #REF! | E42: Menor acceso a recursos | F42: financieros | G42: 2 | H42: 3 | I42: Legal | K42: =+G42*H42 -> 6 | L42: Medio
A43: Aplicación de la Autoridad Ambiental | C43: a | D43: =+'Hoja 1. Establecim Contexto'!D33 -> 0 | E43: Decisiones que afectan otras áreas o están en contravía del deber ser de la corporación | F43: Cumplimiento | G43: 3 | H43: 4 | I43: Legal | K43: =+G43*H43 -> 12 | L43: Extremo | M43: Ineficiencia y falta de efectividad en el ejercicio de la autoridad ambiental | N43: Por la falta de comunicación y análisis de la información generada por los diferentes actores, se genera duplicidad de actuaciones, posibles respuestas diferentes e ineficiencia en la gestión | O43: *Daños ambientales *Mala imagen institucional. *Hallazgos por entes de control. *investigaciones y/o sanciones. | P43: El proceso cuenta entre otros con los siguientes documentos: -P-AA-03: ETAPA JURÍDICA, -P-AA-04: ETAPA TÉCNICA, -P-AA-07: SEGUIMIENTO Y CONTROL A TRAMITES AMBIENTALES, -P-AA-08: ATENCIÓN DE INFRACCIONES AMBIENTALES, -P-AA-11: CONCEPTO TECNICO AMBIENTAL PARA VISITA DE INSPECCION AMBIENTAL EN ADJUDICACION BALDIOS, -D-AA-05: CRITERIOS DE EVALUACIÓN DE TRÁMITES AMBIENTALES", y -Manuales de los Usuarios. -Revisiones periódicas por funcionario e informes de seguimiento de cumplimiento de tiempos para el Consejo Directivo Por medio del procedimiento "P-DI-01: DETERMINACIÓN DE REQUISITOS RELACIONADOS CON EL SERVICIO" se identificaron los requisitos de los Usuarios en el documento "D-DI-02: REQUISITOS DE LOS USUARIOS" y en caso de incumplimiento de algún requisito, se debe dar tratamiento a través del procedimiento "P-MJ-05: CONTROL DEL TRABAJO Y/O SERVICIO NO CONFORME". "D-AA-06: TIEMPO DE TRÁMITES AMBIENTALES". Revisión y actualización de normas a través del Normograma Participación en el "Comité Interinstitucional de Flora y Fauna Silvestre CIFFA" Auditorias internas y externas | Q43: Realización de capacitaciones a los funcionarios en normatividad, procedimientos y aplicativo CITA. | R43: Líder de proceso. Coordinadores de área Subdirecciones de Gestión ambiental y área jurídica | S43: N° de eventos | T43: 3 eventos de capacitación | U43: 42735
B44: A | D44: =+'Hoja 1. Establecim Contexto'!D34 -> 0 | E44: Decisiones que van en contravía de algunas normas. | F44: Cumplimiento | G44: 3 | H44: 4 | I44: Legal | K44: =+G44*H44 -> 12 | L44: Extremo
B45: Q | D45: =+'Hoja 1. Establecim Contexto'!D35 -> 0 | E45: Decisiones que afectan otras áreas o están en contravía del deber ser de la corporación | F45: Cumplimiento | G45: 2 | H45: 2 | I45: Legal | K45: =+G45*H45 -> 4 | L45: Bajo
B46: C | D46: =+'Hoja 1. Establecim Contexto'!D36 -> 0 | E46: Presiones sobre recursos y dificultades en el control. | F46: Cumplimiento | G46: 2 | H46: 4 | I46: Operativo | J46: x | K46: =+G46*H46 -> 8 | L46: Alto | Q46: Desarrollar seguimiento quincenal a los tramites que tienen riesgo de incumplimiento de los tiempos establecidos para dar respuesta a los usuarios | R46: Líderes de proceso Coordinadores de área Control Interno | S46: % de tramites ambientales con cumplimiento de tiempos | T46: 80% o más. | U46: 42735
B47: R | D47: =+'Hoja 1. Establecim Contexto'!D37 -> 0 | F47: Cumplimiento | G47: 3 | H47: 4 | I47: Legal | J47: x | K47: =+G47*H47 -> 12 | L47: Extremo | M47: Corrupción y tráfico de influencia en los procesos, evaluación y seguimiento en el ejercicio de control y vigilancia | N47: Beneficios a particulares por evaluaciones, seguimiento, control y vigilancia con posibilidades de usufructo de funcionarios | P47: D-AA-05: CRITERIOS DE EVALUACIÓN DE TRÁMITES AMBIENTALES", Reportes generados por CITA y SISF que permiten compartir información controlada de la gestión con otras entidades. R-MJ-17 Acta de reunión, en donde se establecen compromisos, acuerdos y planes de trabajo. Seguimiento por parte del Consejo Directivo a la aplicación de la autoridad ambiental. Procedimientos y documentos del proceso de Autoridad Ambiental
D48: Sanciones subvaloradas | E48: Hallazgos y/o sanciones Entes de Control | F48: Cumplimiento | J48: x
C49: a | D49: =+'Hoja 1. Establecim Contexto'!D39 -> 0 | E49: Presiones sobre recursos y necesidad de mas personal para el control. | F49: Cumplimiento | G49: 2 | H49: 4 | I49: Legal | J49: x | K49: =+G49*H49 -> 8 | L49: Alto
B50: M | D50: =+'Hoja 1. Establecim Contexto'!D40 -> 0 | E50: Decisiones que afectan otras áreas o están en contravía del deber ser de la corporación | F50: Cumplimiento | G50: 1 | H50: 4 | I50: Legal | K50: =+G50*H50 -> 4 | L50: Alto | Q50: Gestionar y participar en los comités interinstitucionales para coordinar la aplicación de la normatividad y el ejercicio de la autoridad ambiental | R50: Dirección General Lideres de proceso Coordinadores de área | S50: N° de comités interinstitucional | T50: 4 Comités | U50: 42735
B51: Q | C51: d,e,i | D51: =+'Hoja 1. Establecim Contexto'!F33 -> 0 | E51: Limitaciones en proyectos, desplazamientos, personal, etc. | F51: operativos | G51: 2 | H51: 2 | I51: Operativo | K51: =+G51*H51 -> 4 | L51: Bajo | M51: Baja oportunidad en las respuesta de trámites y procesos sancionatorios | N51: No se alcanza a cumplir con los tiempos establecidos por el SGC, para dar respuestas a los usuarios en las solicitudes y no hay adecuada atención en tiempo en los procesos sancionatorios | P51: Herramientas tecnológicas SISF y CITA. Codigo ética Controles, procesos y procedimientios definidos en el SGC
B52: M | C52: a,b,f,g,h,i,p | D52: =+'Hoja 1. Establecim Contexto'!F34 -> 0 | E52: Decisiones que van en contravía de algunas normas. | F52: Cumplimiento | G52: 2 | H52: 4 | I52: Legal | K52: =+G52*H52 -> 8 | L52: Alto
B53: M | C53: a,b,f,g,h,i,p | D53: =+'Hoja 1. Establecim Contexto'!F35 -> 0 | E53: Hallazgos y/o sanciones Entes de Control | F53: Cumplimiento | G53: 3 | H53: 3 | I53: Legal | J53: x | K53: =+G53*H53 -> 9 | L53: Alto | Q53: Capacitación y socialización de tema como valores corporativos, código de ética, código único disciplinario | R53: Lideres de proceso Coordinadores de área | S53: N° de capacitaciones y/o socializaciones | T53: 4 Capacitaciones y/o socialización | U53: 42735
B54: M | C54: a,b,f,g,h,i,p | D54: =+'Hoja 1. Establecim Contexto'!F36 -> 0 | K54: =+G54*H54 -> 0
A55: Gestión de Recursos e Infraestructura | B55: S | D55: =+'Hoja 1. Establecim Contexto'!D41 -> 0 | E55: Incremento de costos y demoras en contrataciones | F55: operativos | G55: 2 | H55: 2 | I55: Operativo | K55: =+G55*H55 -> 4 | L55: Bajo | M55: Adquisición de bienes y servicios sin los requisitos establecidos. | N55: Posible adquisición de bienes y/o servicios sin el cumplimiento de los requisitos técnicos, procedimientos y normativa e idoneidad requerido. | O55: *Hallazgos *Investigaciones disciplinarias, penales, fiscales y/o sanciones *Detrimento patrimonial. *Pérdida de imagen | P55: Procedimientos: -P-RI-01: COMPRAS E INFRAESTRUCTURA, y -P-RI-04: CONTRATACIÓN. Documentos: -P-RI-01: COMPRAS E INFRAESTRUCTURA, -P-RI-04: CONTRATACIÓN, y -D-RI-03: FLUJO DE CONTRATACIÓN/CONVENIO. Auditorias internas y externas Revisión por la Dirección. Comité de Contratación | Q55: Fortalecimiento de la herramienta tecnológica para mejora la administración, seguimiento y control de los contratos e inventarios de la institución | R55: Líder de proceso Coordinador Administrativo Contratación Almacén | S55: N° de herramientas fortalecidas | T55: Dos herramienta | U55: 42735
B56: S | D56: =+'Hoja 1. Establecim Contexto'!D42 -> 0 | K56: =+G56*H56 -> 0
B57: S | D57: =+'Hoja 1. Establecim Contexto'!D43 -> 0 | K57: =+G57*H57 -> 0
C58: k | D58: =+'Hoja 1. Establecim Contexto'!F41 -> 0 | E58: Demoras en contrataciones o hallazgos de los entes de control | F58: operativos | G58: 3 | H58: 2 | I58: Legal | K58: =+G58*H58 -> 6 | L58: Medio | Q58: Capacitar a los coordinadores de los proyectos: estudios de mercado (planeación), identificación de riesgos, manuales y procedimientos de contratación y de Almacén | R58: Líder de proceso Coordinador Administrativo Contratación Almacén | S58: N° de eventos de capacitación y/o reinducción | T58: Cuatro eventos | U58: 42581
B59: M | D59: =+'Hoja 1. Establecim Contexto'!F42 -> 0 | E59: pérdida de credibilidad de la corporación y/o hallazgos de los entes de control | F59: imagen | G59: 2 | H59: 3 | I59: Credibilidad o Imagen | K59: =+G59*H59 -> 6 | L59: Medio
C60: a,b,f,g,h,i,p | D60: =+'Hoja 1. Establecim Contexto'!F43 -> 0 | K60: =+G60*H60 -> 0
C61: a,b,f,g | D61: =+'Hoja 1. Establecim Contexto'!F45 -> 0 | K61: =+G61*H61 -> 0 | Q61: Actualización del inventario de la Corporación | R61: Líder de proceso Coordinador Administrativo Contratación Almacén | S61: Inventario Actualizado | T61: 1 inventario | U61: 42581
C62: r | D62: =+'Hoja 1. Establecim Contexto'!F47 -> 0 | E62: pérdidas de elementos y/o hallazgos de los entes de control | F62: Cumplimiento | G62: 3 | H62: 2 | I62: Legal | J62: x | K62: =+G62*H62 -> 6 | L62: Medio | M62: Inventario de los bienes corporativo desactualizado | N62: Los bienes que se adquieren no se registran de manera adecuada en el Aplicativo SINAP, para tener una administración y control de los mismos | O62: *Hallazgos *Investigaciones disciplinarias, penales, fiscales y/o sanciones *Detrimento patrimonial. *Pérdida de imagen | P62: Procedimientos: -P-RI-01: COMPRAS E INFRAESTRUCTURA, y -P-RI-04: CONTRATACIÓN. Documentos: -P-RI-01: COMPRAS E INFRAESTRUCTURA, -P-RI-04: CONTRATACIÓN, y -D-RI-03: FLUJO DE CONTRATACIÓN/CONVENIO. Auditorias internas y externas Revisión por la Dirección. Comité de Contratación
C63: r | D63: =+'Hoja 1. Establecim Contexto'!F48 -> 0 | J63: x | K63: =+G63*H63 -> 0
C64: r | D64: =+'Hoja 1. Establecim Contexto'!F49 -> 0 | J64: x | K64: =+G64*H64 -> 0
A65: Gestión Financiera y Contable | B65: P | D65: Escasa capacidad de pago de deudas de los usuarios. | E65: Bajo nivel recaudo de las rentas ambientales | F65: financieros | G65: 4 | H65: 3 | I65: Operativo | K65: =+G65*H65 -> 12 | L65: Alto | M65: Bajo nivel recaudo de las rentas ambientales | N65: Deficiente recuperación de cartera | O65: *Retrasos en cumplimiento de funciones, objetivos y/o metas de gestión. *Hallazgos y/o sanciones Entes de Control. *Perdida imagen. *Pérdida económica. *Detrimento del ambiente Laboral. | Q65: Mejorar el recaudo mediante la circularización permanentemente a los deudores sobre las obligaciones pendientes con la Corporación | R65: Líder de proceso. | S65: Porcentaje de recaudo de ingresos por sobretasa, tasa y multas entre vigencias. | T65: 10% de ingresos por sobretasa, tasa y multas entre vigencias. | U65: 42735
B66: P | D66: Dilatación e/o incumplimiento intencional de pago de deudas por parte de los usuarios. | J66: x | K66: =+G66*H66 -> 0 | Q66: Mejorar el recaudo a través de acciones: mandamientos de pagos, cobros persuasivos, resoluciones que fijan obligaciones y embargo | R66: Líder de proceso. | S66: *Porcentaje (%) de incremento de cartera recuperada | T66: *15% o más de incremento de cartera recuperada | U66: 42735
D67: Adulteración de registros contables en beneficios de terceros. | F67: Cumplimiento | J67: x
C68: q,i | D68: Realización a destiempo o extemporánea de las etapas del proceso administrativo de cobro. | E68: deficiente recuperación de cartera | F68: Cumplimiento | G68: 4 | H68: 3 | I68: Operativo | J68: x | K68: =+G68*H68 -> 12 | L68: Alto | Q68: Desarrollar actividades de capacitación y Reinducción en la aplicación de los procedimientos y manejo de aplicativos financieros y/o contables. | R68: Líder de proceso | S68: N° de capacitaciones y reinducciones realizadas | T68: Una capacitación y/o reinducción | U68: 42674
C69: q,i | D69: Las acciones o políticas establecidas Para el recaudo de cartera para las vigencias anteriores no han sido eficaces. | K69: =+G69*H69 -> 0
C70: q,i | D70: Información errónea en la identificación de los deudores (Nombre, número de cédula y/o dirección). | J70: x | K70: =+G70*H70 -> 0 | Q70: Revisión y actualización de las políticas y procedimientos para efectuar los recaudos de cartera | R70: Líder de proceso | S70: Políticas y procedimientos revisados y actualizados | T70: 1 documento actualizado | U70: 42551
C71: a,b,f | D71: Rotación de personal sin la previa capacitación en el nuevo cargo. | E71: Demora o retrocesos en la ejecución de las actividades financieras y contables, por desconocimiento del cargo (funciones y/o manejo de aplicativos) o ausencia temporal o total del funcionario titular. | F71: Cumplimiento | G71: 4 | H71: 4 | I71: Confidencialidad de la Información | K71: =+G71*H71 -> 16 | L71: Bajo | M71: Retraso o retrocesos en la ejecución de las actividades Financieras y Contables. | N71: Demora o retrocesos en la ejecución de las actividades financieras y contables, por desconocimiento del cargo (funciones y/o manejo de aplicativos) o ausencia temporal o total del funcionario titular. | O71: *Perdida imagen. *Pérdida económica. *Hallazgos y/o sanciones Entes de Control. *Detrimento del ambiente Laboral
C72: h,o,p | D72: Manejo o dominio del aplicativos financieros y/o contables concentrados en un solo funcionario. | J72: x | K72: =+G72*H72 -> 0 | Q72: Implementación del nuevo Aplicativo financiero y contable | R72: Líder de proceso | S72: N° de Aplicativos implementados | T72: 1 Aplicativo | U72: 42735
C73: f,g | D73: =+'Hoja 1. Establecim Contexto'!F54 -> 0 | K73: =+G73*H73 -> 0
B74: M | C74: h,p | D74: =+'Hoja 1. Establecim Contexto'!F55 -> 0 | E74: Corrupción por pérdida de recursos de la Corporación y/o pérdida de imagen | F74: Cumplimiento | G74: 2 | H74: 5 | I74: Legal | J74: x | K74: =+G74*H74 -> 10 | L74: Alto | M74: Corrupción por pérdida de recursos de la Corporación | N74: Se pueden realizar pagos de recursos de la Corporación de forma irregular por medio de los portales virtuales y cheques sin los soportes legales. | O74: *Detrimento patrimonial *Investigaciones disciplinarias *Pérdida de imagen *Déficit fiscal *Hallazgos y/o sanciones Entes de Control | P74: Establecidos los procedimientos de: -P-FC-02: FACTURACIÓN, -P-FC-03: TAQUILLA, -P-FC-04: TESORERÍA, -P-FC-06: UNIDAD DE PROCESOS ADMINISTRATIVOS DE COBRO _Auditorias internas y externas | Q74: Implementación de doble clave en los pagos a través de los portales virtuales | R74: Líder de proceso. | S74: N° de Entidades financiera con dobles claves implementadas | T74: 3 Entidades financiera | U74: 42735
C75: h,o,p | D75: Manejo o dominio del aplicativos financieros y/o contables concentrados en un solo funcionario. | J75: x | K75: =+G75*H75 -> 0
B76: M | C76: h,p | D76: =+'Hoja 1. Establecim Contexto'!F56 -> 0 | J76: x | K76: =+G76*H76 -> 0
C77: s | D77: =+'Hoja 1. Establecim Contexto'!F58 -> 0 | K77: =+G77*H77 -> 0 | Q77: Depuración de la cartera de la Corporación | R77: Líder de proceso. | S77: % de cartera depurada | T77: 10 % de la cartera depurada | U77: 42735
B78: M | D78: =+'Hoja 1. Establecim Contexto'!F59 -> 0 | E78: Sobreestimación de los ingresos y de la cartera de la Entidad | F78: financieros | G78: 2 | H78: 2 | I78: Legal | K78: =+G78*H78 -> 4 | L78: Bajo | M78: Sobreestimación de los ingresos y de la cartera de la Entidad | N78: Elaboración de facturas sin los requisitos, incumpliendo los procedimientos corporativos | O78: *Investigaciones disciplinarias *Pérdida de imagen *Estados financieros pocos razonables. *Hallazgos y/o sanciones Entes de Control | P78: Establecidos los procedimientos de: -P-FC-01: PRESUPUESTO, -P-FC-02: FACTURACIÓN, -P-FC-03: TAQUILLA, -P-FC-04: TESORERÍA, -P-FC-05: CONTABILIDAD, -P-FC-06: UNIDAD DE PROCESOS ADMINISTRATIVOS DE COBRO _Auditorias internas y externas
C79: q,i | D79: =+'Hoja 1. Establecim Contexto'!F60 -> 0 | K79: =+G79*H79 -> 0
A80: Gestión del Talento Humano | C80: m,g | D80: =+'Hoja 1. Establecim Contexto'!D61 -> 0 | E80: Cargos sin proveer afectando oportunidad de los trámites o mayor costo para proveerlos | F80: operativos | G80: 2 | H80: 3 | I80: Confidencialidad de la Información | K80: =+G80*H80 -> 6 | L80: Medio | M80: Debilidad en la calidad y oportunidad de la prestación del servicio | N80: Disminución de la capacidad profesional para el cumplimiento de las funciones lo cual afecta el logro de los objetivos y metas institucionales. | O80: *Pérdida de imagen institucional. *Hallazgos y/o sanciones Entes de Control. *Detrimento del ambiente Laboral. | P80: El proceso cuenta entre otros con los siguientes documentos: -P-TH-01: VINCULACIÓN DE SERVIDORES PÚBLICOS, -P-TH-02: LIQUIDACIÓN NOMINA Y PRESTACIONES SOCIALES, -P-TH-03: FORMACIÓN, CAPACITACIÓN, BIENESTAR SOCIAL E INCENTIVOS DEL PERSONAL, -P-TH-05: EVALUACIÓN DEL DESEMPEÑO LABORAL, -P-TH-06: SEGUIMIENTO DEL DESEMPEÑO PARA SERVIDORES PÚBLICOS EN PROVISIONALIDAD, y -M-TH-01: MANUAL ESPECÍFICO DE FUNCIONES Y DE COMPETENCIAS LABORALES DE CORPOURABA". -Auditorias internas y externas | Q80: Capacitación del personal para el mejoramiento en la atención al público | R80: Líder de Proceso | S80: Nº capacitaciones | T80: 1 Capacitación | U80: 42582
B81: T | D81: =+'Hoja 1. Establecim Contexto'!D62 -> 0 | E81: Fuga de conocimientos de la corporación | F81: operativos | G81: 2 | H81: 4 | I81: Confidencialidad de la Información | K81: =+G81*H81 -> 8 | L81: Alto
C82: a,f | D82: =+'Hoja 1. Establecim Contexto'!#REF! -> #REF! | E82: Cargos sin proveer afectando oportunidad de los trámites | F82: Cumplimiento | G82: 3 | H82: 5 | I82: Operativo | K82: =+G82*H82 -> 15 | L82: Extremo | Q82: Realizar seguimiento a los movimientos de personal, cumpliendo con los requisitos (actas de entrega, capacitación en puesto de trabajo) | R82: Líder de Proceso Control Interno | S82: N° informes de seguimiento | T82: 2 informes Seguimiento | U82: 42734
D83: al ingresar una novedad por mayor valor | J83: X
C84: a,f | D84: Vinculación de personal sin cumplir con perfiles y/o Requisitos | J84: x | Q84: Seguimiento a la evaluación parcial de los funcionarios | R84: Líder de Proceso Control Interno | S84: Un informe de seguimiento | T84: Informe de la evaluación al 100% de los funcionarios | U84: 42612
C85: a,f | D85: =+'Hoja 1. Establecim Contexto'!D63 -> 0 | K85: =+G85*H85 -> 0 | Q85: Seguimiento a la evaluación parcial de los funcionarios | R85: Líder de Proceso Control Interno | S85: Un informe de seguimiento | T85: Informe de la evaluación al 100% de los funcionarios | U85: 42612
B86: A | D86: =+'Hoja 1. Establecim Contexto'!D64 -> 0 | K86: =+G86*H86 -> 0
B87: T | C87: f,g | D87: =+'Hoja 1. Establecim Contexto'!F61 -> 0 | E87: Fuga de conocimientos de la corporación | F87: operativos | G87: 2 | H87: 4 | I87: Confidencialidad de la Información | K87: =+G87*H87 -> 8 | L87: Alto
C88: a,f,i | D88: =+'Hoja 1. Establecim Contexto'!F62 -> 0 | E88: Disminución de la capacidad profesional para el cumplimiento de las funciones lo cual afecta el logro de los objetivos y metas institucionales. | F88: operativos | G88: 2 | H88: 2 | I88: Operativo | K88: =+G88*H88 -> 4 | L88: Bajo | Q88: Seguimiento al cumplimiento del Plan de capacitación, bienestar e Incentivos | R88: Líder de proceso | S88: Porcentaje de cumplimiento del Plan de capacitación, bienestar e Incentivos | T88: 80% o más. | U88: 42735
C89: h,i | D89: =+'Hoja 1. Establecim Contexto'!#REF! -> #REF! | K89: =+G89*H89 -> 0
C90: g | D90: =+'Hoja 1. Establecim Contexto'!F64 -> 0 | K90: =+G90*H90 -> 0
C91: h,p | D91: =+'Hoja 1. Establecim Contexto'!F65 -> 0 | E91: Decisiones que van en contravía de algunas normas. | F91: operativos | G91: 2 | H91: 4 | I91: Operativo | K91: =+G91*H91 -> 8 | L91: Alto | Q91: Establecimiento e implementación de un programa de seguridad y salud en el trabajo | R91: Líder de proceso | S91: Porcentaje de cumplimiento del programa de seguridad y salud en el trabajo | T91: 80% o más. | U91: 42735
C92: h,p | D92: =+'Hoja 1. Establecim Contexto'!F66 -> 0 | E92: Disminución de la capacidad profesional para el cumplimiento de las funciones lo cual afecta el logro de los objetivos y metas institucionales. | F92: operativos | G92: 2 | H92: 3 | I92: Legal | K92: =+G92*H92 -> 6 | L92: Medio | M92: Incumplimiento de las normativas y requerimientos en materia de seguridad y salud laboral | N92: Por la falta de recursos económicos y de personal, no se realiza de manera integral actividades de seguridad y salud laboral en toda la Corporación, conforme a las normativas y requerimientos de ley | O92: *Pérdida de imagen institucional. *Hallazgos y/o sanciones Entes de Control. *Detrimento del ambiente Laboral. *Cierre de la institución | P92: El proceso cuenta entre otros con los siguientes documentos: -D-TH-03: PLAN DE EMRGENCIA -P-TH-04: SEGURIDAD Y SALUD EN EL TRABAJO Y SEGURIDAD INDUSTRIAL -Auditorias internas y externas
A93: Laboratorio de Análisis de Aguas | B93: H | D93: =+'Hoja 1. Establecim Contexto'!D67 -> 0 | E93: Insatisfacción y pérdida de usuarios del laboratorio | F93: imagen | G93: 2 | H93: 3 | I93: Credibilidad o Imagen | K93: =+G93*H93 -> 6 | L93: Medio | M93: Insatisfacción y pérdida de usuarios del laboratorio | N93: Insatisfacción de los usuarios y pérdida de usuarios por la calidad, oportunidad y/o incumplimiento de los servicios del laboratorio. | O93: *Pérdida de imagen institucional. *Pérdida de usuarios. *Pérdida económica. *Detrimento del ambiente Laboral. | P93: Por medio del procedimiento "P-DI-01: DETERMINACIÓN DE REQUISITOS RELACIONADOS CON EL SERVICIO" se identificaron los requisitos de los Usuarios en el documento "D-DI-02: REQUISITOS DE LOS USUARIOS" y en caso de incumplimiento de algún requisito, se debe dar tratamiento a través del procedimiento "P-MJ-05: CONTROL DEL TRABAJO Y/O SERVICIO NO CONFORME". De igual manera en el procedimiento "P-RI-01: COMPRAS E INFRAESTRUCTURA", se tiene establecido la manera como se desarrollan los mantenimientos preventivos y/o calibración de equipos. | Q93: Construir sistema de abastecimiento de agua permanente | R93: Subdirección de Planeación y Ordenamiento Territorial (Laboratorio de Análisis de Aguas). | S93: N° de pozos construidos | T93: Un pozo construido | U93: 42735
C94: q | D94: =+'Hoja 1. Establecim Contexto'!D69 -> 0 | E94: pérdida de muestras y consecuente imagen de la corporación | F94: operativos | G94: 3 | H94: 4 | I94: Confidencialidad de la Información | K94: =+G94*H94 -> 12 | L94: Extremo | Q94: Instalación de nuevas redes eléctricas | R94: Subdirección de Planeación y Ordenamiento Territorial (Laboratorio de Análisis de Aguas). | S94: Una red eléctrica instalada | T94: Una red Eléctrica | U94: 42735
D95: Prestar servicios sin elaborar factura. | E95: legal | F95: Cumplimiento | G95: 1 | H95: 4 | I95: x | J95: x | K95: =+H95*G95 -> 4 | L95: Bajo
D96: Modificación sitios de muestra y/o de resultados por presiones o dadivas de los usuarios. | E96: legal | F96: Cumplimiento | G96: 1 | H96: 4 | I96: x | J96: x | K96: =+H96*G96 -> 4 | L96: Bajo
C97: n,s | D97: =+'Hoja 1. Establecim Contexto'!F67 -> 0 | E97: Insatisfacción y pérdida de usuarios del laboratorio | F97: imagen | G97: 2 | H97: 3 | I97: Credibilidad o Imagen | K97: =+G97*H97 -> 6 | L97: Medio
C98: a | D98: =+'Hoja 1. Establecim Contexto'!F69 -> 0 | E98: Pérdida de confianza ante resultados del laboratorio y/o pérdida de la certificación ISO 17025 | F98: operativos | G98: 2 | H98: 4 | I98: Credibilidad o Imagen | K98: =+G98*H98 -> 8 | L98: Alto | Q98: Realizar la calibración y mantenimiento de los equipos del laboratorio. | R98: Subdirección de Planeación y Ordenamiento Territorial (Laboratorio de Análisis de Aguas). | S98: % del plan de mantenimiento preventivo y calibración elaborados e implementados. | T98: 100% del plan de mantenimiento preventivo y calibración elaborado e implementad | U98: 42735
C99: a | D99: =+'Hoja 1. Establecim Contexto'!F72 -> 0 | E99: Disminución de la capacidad profesional para el cumplimiento de las funciones lo cual afecta el logro de los objetivos y metas institucionales. | F99: operativos | G99: 2 | H99: 3 | I99: Legal | K99: =+G99*H99 -> 6 | L99: Medio | Q99: Seguimiento a la prestación del servicio del Laboratorio en materia de servicios prestados y satisfacción del cliente | R99: Subdirección de Planeación y Ordenamiento Territorial (Laboratorio de Análisis de Aguas). | S99: Porcentaje de usuarios satisfechos | T99: 80% o más. | U99: 42735
C100: a | D100: =+'Hoja 1. Establecim Contexto'!#REF! -> #REF! | E100: Insatisfacción de usuarios por oportunidad en entrega de resultados o por capacidad para recibir muestras | F100: operativos | G100: 2 | H100: 3 | I100: Operativo | K100: =+G100*H100 -> 6 | L100: Medio
C101: q | D101: =+'Hoja 1. Establecim Contexto'!F73 -> 0 | E101: Insatisfacción y pérdida de usuarios del laboratorio | F101: imagen | G101: 2 | H101: 2 | I101: Credibilidad o Imagen | K101: =+G101*H101 -> 4 | L101: Bajo | Q101: Capacitar al personal del Laboratorio en temas de seguridad industrial o salud ocupacional | R101: Subdirección de Planeación y Ordenamiento Territorial (Laboratorio de Análisis de Aguas). | S101: Nº de personas capacitadas | T101: 7 personas | U101: 42735
C102: a | D102: =+'Hoja 1. Establecim Contexto'!F74 -> 0 | E102: Pérdida de confianza ante resultados del laboratorio | F102: operativos | G102: 2 | H102: 3 | I102: Operativo | K102: =+G102*H102 -> 6 | L102: Medio

Sheet Hoja 3. Análisis del Riesgo (2
C1: RIESGOS CORPORATIVOS POR PROCESO
C2: R-MJ-10
C3: 07
A5: Vigencia: | B5: =+'Hoja 1. Establecim Contexto'!B5 -> 0 | C5: Fecha Diligenciamiento: | E5: =+'Hoja 1. Establecim Contexto'!D5 -> 0
A7: Hoja 3. Análisis del Riesgo
A8: Proceso | B8: Riesgo | D8: Calificación | F8: Tipo Impacto | G8: Evaluación (Zona de Riesgo) | I8: Medidas de Respuesta
D9: Probabilidad | E9: Impacto
A10: Direccionamiento del Sistema de Gestión Corporativo | B10: =+'Hoja 2. Iden Ries- Gest y Corru'!C9 -> Nombre | D10: 4 | E10: 4 | F10: De credibilidad o imagen | G10: =+E10*D10 -> 16 | H10: Extrema | I10: Reducir el riesgo, evitar, compartir o transferir.
A11: Mejoramiento del Sistema de Gestión Corporativo | B11: =+'Hoja 2. Iden Ries- Gest y Corru'!C12 -> 0 | D11: 1 | E11: 4 | F11: De credibilidad o imagen | G11: =+E11*D11 -> 4 | H11: Alta | I11: Reducir el riesgo, evitar, compartir o transferir.
A12: Planeación Global del Territorio | B12: =+'Hoja 2. Iden Ries- Gest y Corru'!C19 -> 0 | D12: 4 | E12: 4 | F12: Legal | G12: =+E12*D12 -> 16 | H12: Extrema | I12: Reducir el riesgo, evitar, compartir o transferir.
A13: Gestión de Proyectos | B13: =+'Hoja 2. Iden Ries- Gest y Corru'!C28 -> 0 | D13: 2 | E13: 3 | F13: Operativo | G13: =+E13*D13 -> 6 | H13: Moderada | I13: Asumir el riesgo, reducir el riesgo.
A14: Aplicación de la Autoridad Ambiental | B14: =+'Hoja 2. Iden Ries- Gest y Corru'!C45 -> 0 | D14: 5 | E14: 3 | F14: Legal | G14: =+E14*D14 -> 15 | H14: Extrema | I14: Reducir el riesgo, evitar, compartir o transferir.
B15: =+'Hoja 2. Iden Ries- Gest y Corru'!C38 -> 0 | D15: 4 | E15: 4 | F15: Legal | G15: =+E15*D15 -> 16 | H15: Extrema | I15: Reducir el riesgo, evitar, compartir o transferir.
B16: =+'Hoja 2. Iden Ries- Gest y Corru'!C42 -> 0 | D16: 3 | E16: 3 | F16: Legal | G16: =+E16*D16 -> 9 | H16: Alta | I16: Reducir el riesgo, evitar, compartir o transferir.
A17: Gestión de Recursos e Infraestructura | B17: =+'Hoja 2. Iden Ries- Gest y Corru'!C53 -> 0 | D17: 4 | E17: 4 | F17: Legal | G17: =+E17*D17 -> 16 | H17: Extrema | I17: Reducir el riesgo, evitar, compartir o transferir.
B18: =+'Hoja 2. Iden Ries- Gest y Corru'!C62 -> 0 | D18: 5 | E18: 3 | F18: Legal | G18: =+E18*D18 -> 15 | H18: Extrema | I18: Reducir el riesgo, evitar, compartir o transferir.
A19: Gestión Financiera y Contable | B19: =+'Hoja 2. Iden Ries- Gest y Corru'!C66 -> 0 | C19: Problemas de iliquidez | D19: 4 | E19: 3 | F19: Operativo | G19: =+E19*D19 -> 12 | H19: Alta | I19: Reducir el riesgo, evitar, compartir o transferir.
B20: =+'Hoja 2. Iden Ries- Gest y Corru'!C70 -> 0 | C20: Deficiencias en el Registro Contable | D20: 3 | E20: 3 | F20: Operativo | G20: =+E20*D20 -> 9 | H20: Alta | I20: Reducir el riesgo, evitar, compartir o transferir.
B21: =+'Hoja 2. Iden Ries- Gest y Corru'!C73 -> 0 | C21: Deficiencias en el Registro Contable | D21: 4 | E21: 4 | F21: Legal y de credibilidad | G21: =+E21*D21 -> 16 | H21: Extrema | I21: Reducir el riesgo, evitar, compartir o transferir.
B22: =+'Hoja 2. Iden Ries- Gest y Corru'!#REF! -> #REF! | C22: Deficiencias en el Registro Contable | D22: 4 | E22: 4 | F22: Operativo | G22: =+E22*D22 -> 16 | H22: Extrema | I22: Reducir el riesgo, evitar, compartir o transferir.
A23: Gestión del Talento Humano | B23: =+'Hoja 2. Iden Ries- Gest y Corru'!C78 -> 0 | D23: 4 | E23: 3 | F23: Legal | G23: =+E23*D23 -> 12 | H23: Alta | I23: Reducir el riesgo, evitar, compartir o transferir.
B24: =+'Hoja 2. Iden Ries- Gest y Corru'!C85 -> 0 | D24: 5 | E24: 4 | F24: Legal | G24: =+E24*D24 -> 20 | H24: Extrema | I24: Reducir el riesgo, evitar, compartir o transferir.
A25: Laboratorio de Análisis de Aguas | B25: =+'Hoja 2. Iden Ries- Gest y Corru'!C87 -> 0 | D25: 3 | E25: 3 | F25: De credibilidad o imagen | G25: =+E25*D25 -> 9 | H25: Alta | I25: Reducir el riesgo, evitar, compartir o transferir.

Sheet Hoja 2. Iden Ries Seg Dig
B1: MAPA DE RIESGOS
B2: R-MJ-10
B3: 09
A5: Vigencia: | E5: Fecha Diligenciamiento:
A7: Hoja 2. Identificación de los Riesgos de Seguridad Digital
A8: Proceso | B8: Activo Afectado (Integridad, Confidencialidad o Disponibilidad) | C8: Causas / Vulnerabilidades | D8: Amenaza | E8: Riesgo
E9: Nombre | F9: Descripción | G9: Tipología | H9: Clasificación | I9: Consecuencias

Sheet Hoja 3. Análisis de Riesgos
B1: MAPA DE RIESGOS
B2: R-MJ-10
B3: 09
A5: Vigencia: | E5: Fecha Diligenciamiento:
A7: Hoja 3. Análisis de Riesgos - Riesgo Inherente
A8: Proceso | B8: Riesgo | F8: Calificación | H8: Zona de Riesgo | I8: Medidas de Respuesta
B9: Nombre | C9: Descripción | D9: Tipología | E9: Clasificación | F9: Probabilidad | G9: Impacto

Sheet Hoja 4. Evaluación de Riesgos 
B1: MAPA DE RIESGOS
B2: R-MJ-10
B3: 09
A5: Vigencia: | E5: Fecha Diligenciamiento:
A7: Hoja 4. Evaluación de Riesgos
A8: Proceso | B8: Riesgo | F8: Calificación | H8: Zona de Riesgo | I8: Medida de Respuesta | J8: Controles | K8: El Control Está Diseñado Para Mitigar el Impacto o Probabilidad del Riesgo | L8: Evaluación del Diseño del Control | AD8: Evaluación de la Aplicación del Control | AH8: Sólidez del Control | AI8: Se Debe Establecer Acciones para Fortalecer el Control (Si/No)
F9: Probabilidad | G9: Impacto | L9: Asignación del responsable | N9: Segregación y autoridad del responsable | P9: Periodicidad | R9: Propósito | U9: Cómo se realiza la actividad de control | W9: Qué pasa con observaciones o desviaciones | Y9: Evidencia de la ejecución del control | AB9: Resultado | AC9: Clasificación del Diseño del Control | AD9: Como se aplica el control (Marque con una x) | AG9: Clasificación de la Aplicación del Control del Control
B10: Nombre | C10: Descripción | D10: Tipología | E10: Clasificación | L10: Si (15) | M10: No (0) | N10: Adec (15) | O10: No adec (0) | P10: Oport (15) | Q10: No Oport (0) | R10: Prevenir (15) | S10: Detectar (10) | T10: No control (0) | U10: Confiable (15) | V10: No Conf (0) | W10: investiga (15) | X10: No invest(0) | Y10: Completa (10) | Z10: Incomp (5) | AA10: No existe (0) | AD10: De manera consistente por parte del responsable | AE10: Algunas veces por parte del Responsable | AF10: No se ejecuta por parte del responsable

Sheet Hoja 5. Riesgo Residual
B1: MAPA DE RIESGOS
B2: R-MJ-10
B3: 09
A5: Vigencia: | D5: Fecha Diligenciamiento:
A7: Hoja 5. Riesgo Residual
A8: Proceso | B8: Riesgo | F8: Sólidez del Control | G8: Calificación | I8: Zona de Riesgo | J8: Medidas de Respuesta
B9: Nombre | C9: Descripción | D9: Tipología | E9: Clasificación | G9: Probabilidad | H9: Impacto

Sheet Hoja 6. Mapa de Riesgos
B1: MAPA DE RIESGOS
B2: R-MJ-10
B3: 09
A5: Vigencia: | E5: Fecha Diligenciamiento:
L6: .
A7: Hoja 6. Mapa de Riesgos
A8: Proceso | B8: Riesgo | H8: Calificación - Riesgo Inherente | L8: Controles | N8: Calificación - Riesgo Residual | R8: Actividad de Control Propuesta (Acción Preventiva) | S8: Responsable | T8: Indicador | U8: Meta | X8: Plazo
B9: Nombre | C9: Descripción | D9: Tipología | E9: Clasificación | F9: Causas | G9: Consecuencias | H9: Probabilidad | I9: Impacto | J9: Zona de Riesgo | K9: Medida de Respuesta | L9: Detalle | M9: Solidez del Control | N9: Probabilidad | O9: Impacto | P9: Zona de Riesgo | Q9: Medida de Respuesta | U9: Meta | V9: Nivel de Cumplimiento

Sheet Hoja3
B5: Riesgo | C5: descripción | D5: Probabilidad P | E5: Impacto P | F5: Evaluación Riesgo P | G5: Probabilidad R | H5: Impacto R | I5: Nueva Evaluación
B6: Estratégico | C6: - Diferentes percepciones de la gestión corporativa por los grupos poblacionales en la jurisdicción - Presiones de tipo polìtico, sectorial y económico frente a las decisiones administrativas | D6: Probable (4) | E6: Moderado (3) | F6: Alta | G6: Posible (3) | H6: Moderado (3) | I6: Alta
B7: Legal | C7: Presiones de tipo polìtico, sectorial y económico frente a las decisiones administrativas | D7: Posible (3) | E7: Mayor (4) | F7: Extrema | G7: Improbable (2) | H7: Mayor (4) | I7: Alta
B8: Cumplimiento | C8: No cumplimiento de requisitos de oportunidad de los usuarios | D8: Casi seguro (5) | E8: Menor (2) | F8: Alta | G8: Posible (3) | H8: Menor (2) | I8: Moderada
B9: Legal | C9: Falta de tiempo de los líderes de procesos | D9: Probable (4) | E9: Menor (2) | F9: Alta | G9: Improbable (2) | H9: Menor (2) | I9: Bajo
B10: Cumplimiento | C10: Falta de tiempo de los líderes de procesos | D10: Probable (4) | E10: Menor (2) | F10: Alta | G10: Posible (3) | H10: Menor (2) | I10: Moderada
B11: Cumplimiento | C11: Falta de estimulos a los funcionarios que cumplen metas, realizan el rol de auditores internos, entre otros. | D11: Posible (3) | E11: Menor (2) | F11: Moderada | G11: Improbable (2) | H11: Menor (2) | I11: Bajo
B12: Cumplimiento | C12: Incumplimiento de las normas, polìticas, procedimientos que regulan el Sistema de Gestión de Corporativo y la misiòn institucional | D12: Posible (3) | E12: Moderado (3) | F12: Alta | G12: Raro (1) | H12: Moderado (3) | I12: Moderada
B13: Técnico | C13: Débil control en el establecimiento y seguimiento de acciones correctivas, preventivas y/o de mejora | D13: Posible (3) | E13: Moderado (3) | F13: Alta | G13: Improbable (2) | H13: Menor (2) | I13: Bajo
B14: Técnico | C14: Desconocimiento del Sistema de Gestión Corporativo | D14: Posible (3) | E14: Menor (2) | F14: Moderada | G14: Raro (1) | H14: Menor (2) | I14: Bajo
B15: Estratégico | C15: Cada dependencia (MADS, MAVDT, Mintransporte, Gobernación, etc) emiten políticas, escalas y enfoques diferentes que en algunas situaciones no se articulan y/o son contrarias. | D15: Posible (3) | E15: Menor (2) | F15: Moderada | G15: Raro (1) | H15: Menor (2) | I15: Bajo
B16: Estratégico | C16: Desactualización de los funcionarios de la Corporación en materia legal del ordenamiento ambiental territorial | D16: Posible (3) | E16: Menor (2) | F16: Moderada | G16: Posible (3) | H16: Menor (2) | I16: Moderada
D17: Probable (4) | E17: Moderado (3) | G17: Probable (4)
B18: Estratégico | C18: Los entes territorial externos toman decisiones sin tener en cuental la normatividad y los determinantes ambientales vigente. | D18: Probable (4) | E18: Menor (2) | F18: Alta | G18: Posible (3) | H18: Menor (2) | I18: Moderada
B19: Estratégico | C19: Pérdida del conocimiento de la Corporación en materia de ordenamiento ambiental territorial | D19: Posible (3) | E19: Moderado (3) | F19: Alta | G19: Posible (3) | H19: Moderado (3) | I19: Alta
B20: Estratégico | C20: Los instrumentos de ordenamiento no incluyan la totalidad de los estudios requeridos por ley para definición de determinantes ambientales. | D20: Probable (4) | E20: Moderado (3) | F20: Alta | G20: Improbable (2) | H20: Moderado (3) | I20: Moderada
B21: Cumplimiento | C21: Técnicos que no tienen en cuenta el ordenamiento ambiental del territorio en sus conceptos. | D21: Probable (4) | E21: Moderado (3) | F21: Alta | G21: Probable (4) | H21: Moderado (3) | I21: Alta
B22: Estratégico | C22: Rechazo de proyectos presentados por incumplimiento de requisitos de norma o de formulación | D22: Posible (3) | E22: Menor (2) | F22: Moderada | G22: Improbable (2) | H22: Menor (2) | I22: Bajo
B23: Legal | C23: Aprobación de proyectos sin el cumplimiento de requisitos. | D23: Improbable (2) | E23: Moderado (3) | F23: Moderada | G23: Raro (1) | H23: Moderado (3) | I23: Moderada
B24: Técnico | C24: Incumplimiento en las metas físicas y financieras de los proyectos | D24: Posible (3) | E24: Moderado (3) | F24: Alta | G24: Improbable (2) | H24: Moderado (3) | I24: Moderada
B25: Operativo | C25: Recursos limitados económicos, técnicos e infraestructura para el ejercicio de la autoridad ambiental -Aplicación de la autoridad ambiental, con limitaciones en las evaluaciones técnicas, jurídicas y administrativas que aseguren la sostenibilidad ambiental -Iniciar trámites ambientales sin el lleno de los requisitos. -No cumplimiento de los tiempos establecidos para las respuestas a los usuarios. -Sanciones subvaloradas -Iniciar trámites ambientales sin el lleno de los requisitos. | D25: Casi seguro (5) | E25: Moderado (3) | F25: Extrema | G25: Probable (4) | H25: Menor (2) | I25: Alta
B26: Cumplimiento | C26: Cultura de la ilegalidad -Acciones de hecho como mecanismo de protestas, cierres de vía, amenazas -Orientaciones de desarrollo del orden nacional, departamental y municipal desconociendo la variable ambiental | D26: Probable (4) | E26: Mayor (4) | F26: Extrema | G26: Posible (3) | H26: Moderado (3) | I26: Alta
B27: Legal | C27: Desarticulación interinstitucional entre los actores responsables de aplicar la autoridad ambiental -Normatividad con dificultad de interpretación y aplicación en el territorio. -Traslape de competencias frente al ejercicio de autoridad ambiental -Presencia de actores armados, narcotráfico, cultivos ilícitos | D27: Posible (3) | E27: Moderado (3) | F27: Alta | G27: Improbable (2) | H27: Menor (2) | I27: Bajo
B28: Legal | C28: Desconocimiento de las normas y procedimientos en el tema contractual por parte de los proveedores -Direccionamiento de contratación en favor de un tercero -Debilidad en la planeación de los procesos contractuales e identificación de los riesgos. -herramientas con debilidades para la administración y seguimiento de contratos y poca cultura de los funcionarios para el adecuado uso. -Desconocimiento de los procedimientos de los funcionarios (estudios previos, informes supervisión) -Pagos realizados sin cumplimiento de requisitos un contrato -Recibir un bien sin cumplir con las especificaciones del contrato | D28: Posible (3) | E28: Moderado (3) | F28: Alta | G28: Raro (1) | H28: Moderado (3) | I28: Moderada
B29: Operativo | C29: Inventarios de los bienes de la Entidad desactualizado -Rotación de personal sin la previa capacitación en el nuevo cargo. -Poca presencia de oferentes de bienes y servicios en la región -Poca cultura de los oferentes en la busqueda de los procesos contractuales a través de las herramientas tecnológicas (SECOP). | D29: Posible (3) | E29: Menor (2) | F29: Moderada | G29: Improbable (2) | H29: Menor (2) | I29: Bajo
... B31: Financiero | C31: Escasa capacidad de pago de deudas de los usuarios.Dilatación e/o incumplimiento intencional de pago de deudas por parte de los usuarios.Manipulación o adulteración intencional de información de deudores, planes, programas y proyectos, contenidos en los sistemas y archivo.Información errónea en la identificación de los deudores (Nombre, número de cédula y/o dirección).No se identifican claramente los usuarios que adeudan a la Entidad y/o la información para realizar el cobro. | D31: Probable (4) | E31: Moderado (3) | F31: Alta | G31: Improbable (2) | H31: Moderado (3) | I31: Moderada
C32: Realización a destiempo o extemporánea de las etapas del proceso administrativo de cobro. -Las acciones o políticas establecidas Para el recaudo de cartera para las vigencias anteriores no han sido eficaces. | D32: Posible (3) | E32: Mayor (4) | F32: Extrema | G32: Improbable (2) | H32: Mayor (4) | I32: Alta
B33: Cumplimiento | C33: Rotación de personal sin la previa capacitación en el nuevo cargo. -Debilidades en las políticas y procedimientos internos para el recaudo de la cartera -Facturación sin cumplir con los procedimientos | D33: Improbable (2) | E33: Menor (2) | F33: Bajo | G33: Raro (1) | H33: Menor (2) | I33: Bajo
B34: Legal | C34: Debilidades en los controles en la conciliación y revisoría fiscal. -Exceso de confianza en el manejo de los portales bancarios (super usuarios) -Destinación indebida de los recursos públicos. -Falta de valores y responsabilidad frente a los cargos asignados | D34: Probable (4) | E34: Moderado (3) | F34: Extrema | G34: Raro (1) | H34: Menor (2) | I34: Bajo
B35: Operativo | C35: La Región no ofrece perfiles especializados -Mayores cargos y Salarios y de las Entidades del SINA en relación con la planta de Cargos de la Corporación. -La CNSC no convoca con frecuencia los procesos de concursos -Cuando se inician los procesos de concursos no se desarrollan con la celeridad -Recortes económicos en el Presupuesto Nacional -Falta de valores y responsabilidad frente a los cargos asignados | D35: Posible (3) | E35: Menor (2) | F35: Moderada | G35: Raro (1) | H35: Menor (2) | I35: Bajo
B36: Cumplimiento | C36: Alta carga laboral de los funcionarios -Movilidad del personal sin una revisión integral -Baja ejecución y seguimiento del Plan de capacitación, Bienestar e Incentivos -Evaluación y seguimiento a los funcionarios con deficiencia | D36: Posible (3) | E36: Moderado (3) | F36: Alta | G36: Posible (3) | H36: Moderado (3) | I36: Alta
B37: Legal | C37: Debilidad institucional frente al establecimiento e implementación de un sistema de gestión, seguridad y salud en el trabajo -Direccionamiento de vinculación personal en favor de un tercero | D37: Probable (4) | E37: Menor (2) | F37: Alta | G37: Probable (4) | H37: Menor (2) | I37: Moderada
B38: imagen | C38: Problemas de los servicios de energía, agua y/o teléfono. -Resultados errados presentados en las pruebas de intercalibración de desempeño. IDEAM - PICCAP. -Derrames de la muestra durante la manipulacion. | D38: Posible (3) | E38: Moderado (3) | F38: Alta | G38: Raro (1) | H38: Moderado (3) | I38: Moderada
B39: Cumplimiento | C39: Manejo inapropiado u omision de informacion por parte de los usuarios y/o servidores publicos para beneficios particulares o de terceros | D39: Posible (3) | E39: Menor (2) | F39: Moderada | G39: Raro (1) | H39: Menor (2) | I39: Bajo
B40: Tecnología | C40: Falta de personal para la realización oportuna de los analisis. Falta de oportunidad en la alimentación del CITA, para la generacion | D40: Posible (3) | E40: Moderado (3) | F40: Alta | G40: Raro (1) | H40: Moderado (3) | I40: Moderada
B41: Estratégico | C41: Fallas técnicas y/o eléctrica de los equipos o conexiones internas durante el desarrollo de la prueba. | D41: Posible (3) | E41: catastrófico (5) | F41: Extrema | G41: Raro (1) | H41: catastrófico (5) | I41: Alta
B42: Legal | C42: Resultados errados presentados en las pruebas de intercalibración de desempeño. IDEAM - PICCAP. -Situaciones encontradas en la auditoria INSITU y perdidas de pruebas de desempeño que generen no conformidades. | D42: Posible (3) | E42: Moderado (3) | F42: Moderada | G42: Raro (1) | H42: Moderado (3) | I42: Moderada

Sheet Hoja4
A6: Cuenta de Evaluación Riesgo P | B6: Etiquetas de columna | J6: Etiquetas de fila | K6: Cuenta de Evaluación Riesgo P
A7: Etiquetas de fila | B7: Alta | C7: Bajo | D7: Extrema | E7: Moderada | F7: (en blanco) | G7: Total general | J7: Alta | K7: 18
A8: Cumplimiento | B8: 5 | C8: 1 | D8: 1 | E8: 2 | G8: 9 | J8: Bajo | K8: 1
A9: Estratégico | B9: 4 | D9: 1 | E9: 3 | G9: 8 | J9: Extrema | K9: 6
A10: Legal | B10: 4 | D10: 2 | E10: 2 | G10: 8 | J10: Moderada | K10: 11
A11: Operativo | D11: 1 | E11: 2 | G11: 3 | J11: (en blanco)
A12: Técnico | B12: 2 | E12: 1 | G12: 3 | J12: Total general | K12: 36
A13: Tecnológico | E13: 1 | G13: 1
A14: Financiero | B14: 1 | G14: 1
A15: (en blanco) | D15: 1 | G15: 1
A16: imagen | B16: 1 | G16: 1
A17: Tecnología | B17: 1 | G17: 1
A18: Total general | B18: 18 | C18: 1 | D18: 6 | E18: 11 | G18: 36
A20: Cuenta de Nueva Evaluación | B20: Etiquetas de columna | J20: Etiquetas de fila | K20: Cuenta de Nueva Evaluación
A21: Etiquetas de fila | B21: Alta | C21: Bajo | D21: Moderada | E21: (en blanco) | F21: Total general | J21: Alta | K21: 9
A22: Cumplimiento | B22: 3 | C22: 3 | D22: 3 | F22: 9 | J22: Bajo | K22: 13
A23: Estratégico | B23: 3 | C23: 2 | D23: 3 | F23: 8 | J23: Moderada | K23: 14
A24: Legal | B24: 1 | C24: 3 | D24: 4 | F24: 8 | J24: (en blanco)
A25: Operativo | B25: 1 | C25: 2 | F25: 3 | J25: Total general | K25: 36
A26: Técnico | C26: 2 | D26: 1 | F26: 3
A27: Tecnológico | C27: 1 | F27: 1
A28: Financiero | D28: 1 | F28: 1
A29: (en blanco) | B29: 1 | F29: 1
A30: imagen | D30: 1 | F30: 1
A31: Tecnología | D31: 1 | F31: 1
A32: Total general | B32: 9 | C32: 13 | D32: 14 | F32: 36
A34: Cuenta de Nueva Evaluación | B34: Etiquetas de columna
A35: Etiquetas de fila | B35: Alta | C35: Bajo | D35: Moderada | E35: (en blanco) | F35: Total general
A36: Alta | B36: 4 | C36: 3 | D36: 11 | F36: 18
A37: Moderada | C37: 8 | D37: 3 | F37: 11
A38: Extrema | B38: 5 | C38: 1 | F38: 6
A39: Bajo | C39: 1 | F39: 1
A40: (en blanco)
A41: Total general | B41: 9 | C41: 13 | D41: 14 | F41: 36
A44: Cuenta de Nueva Evaluación | B44: Etiquetas de columna
A45: Etiquetas de fila | B45: Alta | C45: Moderada | D45: Bajo | E45: Total general
A46: Extrema | B46: 5 | D46: 1 | E46: 6
A47: Alta | B47: 4 | C47: 11 | D47: 3 | E47: 18
A48: Moderada | C48: 3 | D48: 8 | E48: 11
A49: Bajo | D49: 1 | E49: 1
A50: Total general | B50: 9 | C50: 14 | D50: 13 | E50: 36

Sheet Gráficos
A2: cat riesgo | B2: probabilidad | C2: Impacto | D2: Eval riesgo | E2: probabilidad2 | F2: Impacto3 | G2: Eval riesgo4 | I2: Riesgo Puro
A3: Estratégico | B3: Probable (4) | C3: Moderado (3) | D3: Alta | E3: Posible (3) | F3: Moderado (3) | G3: Alta | I3: Eval riesgo | J3: Total
A4: Legal | B4: Posible (3) | C4: Mayor (4) | D4: Extrema | E4: Improbable (2) | F4: Mayor (4) | G4: Alta | I4: Alta | J4: 13
A5: Cumplimiento | B5: Casi seguro (5) | C5: Menor (2) | D5: Alta | E5: Posible (3) | F5: Menor (2) | G5: Moderada | I5: Extrema | J5: 6
A6: Legal | B6: Probable (4) | C6: Menor (2) | D6: Alta | E6: Improbable (2) | F6: Menor (2) | G6: Bajo | I6: Moderada | J6: 9
A7: Cumplimiento | B7: Probable (4) | C7: Menor (2) | D7: Alta | E7: Improbable (2) | F7: Menor (2) | G7: Bajo | I7: Total general | J7: 28
A8: Técnico | B8: Posible (3) | C8: Menor (2) | D8: Moderada | E8: Improbable (2) | F8: Menor (2) | G8: Bajo
A9: Estratégico | B9: Posible (3) | C9: Menor (2) | D9: Moderada | E9: Raro (1) | F9: Menor (2) | G9: Bajo
A10: Legal | B10: Posible (3) | C10: Mayor (4) | D10: Extrema | E10: Raro (1) | F10: Mayor (4) | G10: Moderada
A11: Estratégico | B11: Posible (3) | C11: Menor (2) | D11: Moderada | E11: Improbable (2) | F11: Menor (2) | G11: Bajo
A12: Legal | B12: Improbable (2) | C12: Moderado (3) | D12: Moderada | E12: Raro (1) | F12: Moderado (3) | G12: Moderada
A13: Técnico | B13: Posible (3) | C13: Moderado (3) | D13: Alta | E13: Improbable (2) | F13: Moderado (3) | G13: Moderada
A14: Operativo | B14: Posible (3) | C14: Menor (2) | D14: Moderada | E14: Improbable (2) | F14: Menor (2) | G14: Bajo
A15: Operativo | B15: Casi seguro (5) | C15: Moderado (3) | D15: Extrema | E15: Probable (4) | F15: Menor (2) | G15: Alta
A16: Cumplimiento | B16: Probable (4) | C16: Mayor (4) | D16: Extrema | E16: Posible (3) | F16: Moderado (3) | G16: Alta
A17: Legal | B17: Posible (3) | C17: Moderado (3) | D17: Alta | E17: Improbable (2) | F17: Menor (2) | G17: Bajo
A18: Legal | B18: Probable (4) | C18: Mayor (4) | D18: Extrema | E18: Posible (3) | F18: Moderado (3) | G18: Alta
A19: Legal | B19: Posible (3) | C19: Moderado (3) | D19: Alta | E19: Raro (1) | F19: Moderado (3) | G19: Moderada
... A25: Legal | B25: Probable (4) | C25: Menor (2) | D25: Alta | E25: Probable (4) | F25: Menor (2) | G25: Moderada
A26: imagen | B26: Posible (3) | C26: Moderado (3) | D26: Alta | E26: Raro (1) | F26: Moderado (3) | G26: Moderada | I26: Riesgo Remanente
A27: Cumplimiento | B27: Posible (3) | C27: Menor (2) | D27: Moderada | E27: Raro (1) | F27: Menor (2) | G27: Bajo | I27: Eval riesgo4 | J27: Total
A28: Tecnología | B28: Posible (3) | C28: Moderado (3) | D28: Alta | E28: Raro (1) | F28: Moderado (3) | G28: Moderada | I28: Alta | J28: 7
A29: Estratégico | B29: Posible (3) | C29: catastrófico (5) | D29: Extrema | E29: Raro (1) | F29: catastrófico (5) | G29: Alta | I29: Bajo | J29: 11
A30: Legal | B30: Posible (3) | C30: Moderado (3) | D30: Moderada | E30: Raro (1) | F30: Moderado (3) | G30: Moderada | I30: Moderada | J30: 10
I31: Total general | J31: 28
A32: cat riesgo | B32: (Todas)
A34: Cuenta de Impacto | B34: Impacto
A35: probabilidad | B35: Menor (2) | C35: Moderado (3) | D35: Mayor (4) | E35: catastrófico (5) | F35: Total general
A36: Casi seguro (5) | B36: 1 | C36: 1 | F36: 2
A37: Probable (4) | B37: 3 | C37: 3 | D37: 2 | F37: 8
A38: Posible (3) | B38: 7 | C38: 7 | D38: 2 | E38: 1 | F38: 17
A39: Improbable (2) | C39: 1 | F39: 1
A40: Total general | B40: 11 | C40: 12 | D40: 4 | E40: 1 | F40: 28
A43: cat riesgo | B43: (Todas)
A45: Cuenta de Impacto | B45: Impacto3
A46: probabilidad2 | B46: Menor (2) | C46: Moderado (3) | D46: Mayor (4) | E46: catastrófico (5) | F46: Total general
A47: Probable (4) | B47: 2 | F47: 2
A48: Posible (3) | B48: 1 | C48: 4 | F48: 5
A49: Improbable (2) | B49: 7 | C49: 2 | D49: 1 | F49: 10
A50: Raro (1) | B50: 4 | C50: 5 | D50: 1 | E50: 1 | F50: 11
A51: Total general | B51: 14 | C51: 11 | D51: 2 | E51: 1 | F51: 28
